 Dungeon Crawl Stone Soup version 0.18.1-50-g88ac8fd (webtiles) character file.

18 manyhoops the Chucker (level 2, -3/29 HPs)
             Began as an Ogre Hunter on Oct 25, 2016.
             Slain by an adder (4 damage)
             ... on level 2 of the Dungeon.
             The game lasted 00:00:53 (1145 turns).

manyhoops the Chucker (Ogre Hunter)                 Turns: 1145, Time: 00:00:53

Health: -3/29      AC:  3    Str: 16    XL:     2   Next: 70%
Magic:  2/2        EV: 10    Int: 10    God:
Gold:   69         SH:  0    Dex: 10    Spells: 0 memorised, 1 level left

rFire  . . .     SeeInvis .     e - +0 club
rCold  . . .     Gourm    .     b - +0 robe
rNeg   . . .     Faith    .     (no shield)
rPois  .         Spirit   .     (helmet restricted)
rElec  .         Dismiss  .     (no cloak)
rCorr  .         Reflect  .     (gloves unavailable)
SustAt .         Harm     .     (boots unavailable)
MR     .....                    (no amulet)
Stlth  +.........               (no ring)
                                (no ring)

@: lethally poisoned (-3 -> -14), not resistant to hostile enchantments, very
unstealthy
A: unfitting armour, tough skin 1
a: no special abilities


You were on level 2 of the Dungeon.
You were hungry.

You visited 1 branch of the dungeon, and saw 2 of its levels.

You collected 69 gold pieces.

Inventory:

Hand Weapons
 a - a +0 short sword
 e - a +0 club (weapon)
Missiles
 d - 2 throwing nets (quivered)
Armour
 b - a +0 robe (worn)
Jewellery
 i - an uncursed ring of protection from fire {unknown}
Scrolls
 h - 2 scrolls of remove curse {unknown}
 j - 2 scrolls of teleportation {unknown}
 k - a scroll of fog {unknown}
 l - a scroll of recharging {unknown}
 m - a scroll of enchant armour {unknown}
 o - a scroll of identify {unknown}
 p - a scroll of noise {unknown}
Potions
 g - a potion of haste {unknown}
 q - a potion of beneficial mutation {unknown}
Books
 r - a book of Alchemy

   Spells                             Type                      Level
   a - Sublimation of Blood           Necromancy                   2
   b - Ignite Poison                  Fire/Transmutation/Poison    3
   c - Petrify                        Transmutation/Earth          4
   d - Alistair's Intoxication        Transmutation/Poison         5
   e - Irradiate                      Conjuration/Transmutation    5
Comestibles
 f - 3 bread rations
 n - 5 fruits


   Skills:
 + Level 2.8 Fighting
 * Level 1.1 Maces & Flails
 + Level 4.5 Throwing
 - Level 1.7 Dodging
 - Level 0.7 Stealth


You had one spell level left.
You didn't know any spells.

Dungeon Overview and Level Annotations

Branches:
Dungeon (2/15)

Altars:


Innate Abilities, Weirdness & Mutations

You are too large for most types of armour.
You have tough skin (AC +1).


Message History

The adder poisons you!
You closely miss the adder.
You feel sick. The adder misses you. The adder barely misses you.
You miss the adder.
You feel sick. The adder bites you but does no damage.
The adder closely misses you.
You barely miss the adder.
You feel sick. The adder closely misses you.
You hit the adder.
The adder is lightly wounded.
You feel sick. The adder bites you.
* * * LOW HITPOINT WARNING * * *
The adder bites you.
* * * LOW HITPOINT WARNING * * *
Throwing (i - inventory. (,) - cycle):
c - a large rock (quivered)
Press: ? - help, Shift-Dir - straight line, f/p - adder
Aim: an adder (lightly wounded)
You throw a large rock.
The large rock closely misses the adder.
* * * LOW HITPOINT WARNING * * *
You feel sick. The adder bites you.
You die...

#..........K(
#.#..........
#............
###(#..........
.<............(
#............ #...
#................. #.
#S######..#...
##(..#.@........#...
#........>...........
#.#.#####.####...#.#
#.................
#...######.#...#. ..
.....(..#...#
...(....#...#
............#
##########..######.#


You could see an adder.

Vanquished Creatures
  An adder (D:2)
  A ball python (D:1)
  3 bats (D:1)
  A goblin (D:2)
  2 hobgoblins (D:1)
  A kobold (D:1)
9 creatures vanquished.

Notes
Turn   | Place    | Note
--------------------------------------------------------------
     0 | D:1      | manyhoops the Ogre Hunter began the quest for the Orb.
     0 | D:1      | Reached XP level 1. HP: 22/22 MP: 1/1
   867 | D:1      | Reached XP level 2. HP: 25/29 MP: 2/2
  1068 | D:2      | Reached skill level 1 in Maces & Flails
  1145 | D:2      | HP: 1/29 [poisoned by an adder]
  1145 | D:2      | Slain by an adder

Skill      XL: |  1  2 |
---------------+-------+-----
Maces & Flails | 1 |  1.1
Fighting       | |  2.8
Throwing       | |  4.5
Dodging        | |  1.7
Stealth        | |  0.7

Action                   || total
-------------------------++-------
Melee: Short sword       ||    18
       Club              ||    27
Throw: Large rock        ||     6
Armor: Robe              ||    17
Dodge: Dodged            ||    37
